 Dungeon Crawl Stone Soup version 0.31.0-32-g396128a36d (webtiles) character file.

Game seed: 4645782555179723782

778 ChadusMaximus the Summoner (level 7, -9/46 HPs)
             Began as a Barachi Summoner on Mar 9, 2024.
             Mangled by a yak (12 damage)
             ... on level 7 of the Dungeon.
             The game lasted 00:07:10 (3790 turns).

ChadusMaximus the Summoner (Barachi Summoner)       Turns: 3790, Time: 00:07:11

Health: -9/46      AC:  4    Str:  9    XL:     7   Next: 85%
Magic:  9/15       EV: 12    Int: 17    God:
Gold:   124        SH:  0    Dex: 13    Spells: 6/16 levels left

rFire   . . .        h - +1 sling
rCold   . . .        (no shield)
rNeg    . . .        a - +0 robe
rPois   .            f - +0 helmet
rElec   .            l - +0 cloak
rCorr   .            (no gloves)
SInv    .            (no boots)
Will    .....        (no amulet)
Stlth   ++           (no ring)
HPRegen 0.27/turn    (no ring)
MPRegen 0.14/turn

%: no passive effects
@: unable to hop, inugami summoned, slow
A: amphibious, slowness 1, strong legs 1, +LOS
a: Hop


You were on level 7 of the Dungeon.
You visited 1 branch of the dungeon, and saw 5 of its levels.

You collected 124 gold pieces.

Inventory:

Hand Weapons
 h - a +1 sling (weapon)
 p - a +3 scimitar of freezing
 q - a +4 scimitar
Armour
 a - a +0 robe (worn)
 f - a +0 helmet (worn)
 l - a +0 cloak (worn)
Jewellery
 k - a ring of ice
Wands
 o - a wand of flame (35)
Scrolls
 c - 2 scrolls of silence
 e - a scroll of acquirement {unknown}
 g - a scroll of enchant weapon
 i - 2 scrolls of teleportation
 m - a scroll of fear {unknown}
 n - a scroll of identify {unknown}
Potions
 d - 3 potions of curing
 j - a potion of heal wounds


   Skills:
 - Level 2.1 Dodging
 - Level 1.7 Stealth
 + Level 5.3 Spellcasting
 * Level 9.6 Summonings


You had 6 spell levels left.
You knew the following spells:

 Your Spells              Type           Power      Damage    Failure   Level
a - Summon Small Mammal   Summ           100%       N/A       1%          1
b - Call Canine Familiar  Summ           37%        N/A       1%          3
c - Call Imp              Summ           74%        N/A       1%          2
d - Summon Lightning Spi  Summ/Air       20%        N/A       19%         4

Your spell library contained the following spells:

 Spells                   Type           Power      Damage    Failure   Level
 Sandblast                Erth           8%         2d5       14%         1
 Summon Blazeheart Golem  Fire/Summ      20%        N/A       19%         4
 Jinxbite                 Hex            8%         N/A       21%         2
 Passwall                 Erth           4%         N/A       38%         3
 Stone Arrow              Conj/Erth      8%         3d7       38%         3
 Brom's Barrelling Bould  Conj/Erth      4%         2d3       80%         4
 Yara's Violent Unravell  Hex/Alch       2%         3d3       98%         5
 Enfeeble                 Hex            2%         N/A       100%        7


Dungeon Overview and Level Annotations

Branches:
Dungeon (7/15)
 Temple: D:4-7

Altars:
Dithmenos
Nemelex Xobeh
Okawaru
Qazlal
Sif Muna
Yredelemnul

Shops:
D:3 :


Innate Abilities, Weirdness & Mutations

You are amphibious.
You cover ground slowly.
You can hop short distances.
You have an extended range of vision and can be seen from far away.


Message History

The yak attacks as it pursues you! The yak closely misses you.
Your lightning spire shoots out a bolt of lightning at the yak!
The bolt of electricity hits the yak!
Your cerulean imp hits the yak from afar with a -1 spear.
Your cerulean imp hits the yak with a -1 spear.
The yak misses your cerulean imp.
Your cerulean imp hits the yak but does no damage.
Your familiar recovers from its injuries.
The yak barely misses your cerulean imp.
Your cerulean imp hits the yak but does no damage.
The yak gores your cerulean imp.
Your cerulean imp hits the yak with a -1 spear.
Your lightning spire shoots out a bolt of lightning at the yak!
The bolt of electricity hits the yak.
The bolt of electricity hits the yak!
The yak closely misses something.
The yak snorts and paws the ground.
Your cerulean imp hits the yak with a -1 spear.
The yak attacks as it pursues you! The yak gores you.
Something gores your cerulean imp! Magic courses through your body.
The yak gores you!
Your cerulean imp hits the yak but does no damage.
The yak attacks as it pursues you! The yak misses you.
Something gores your cerulean imp.
Your cerulean imp dies!
Your cerulean imp disappears in a puff of smoke!
Casting: Summon Lightning Spire (quite dangerous; 19% risk of failure)
Confirm with . or Enter, or press ? or * to list all spells.
Okay, then.
Casting: Summon Lightning Spire (quite dangerous; 19% risk of failure)
Confirm with . or Enter, or press ? or * to list all spells.
An electric hum fills the air.
The yak gores you.
* * * LOW HITPOINT WARNING * * *
The yak attacks as it pursues you! The yak gores you!
* * * LOW HITPOINT WARNING * * *
Casting: Summon Lightning Spire (quite dangerous; 19% risk of failure)
Confirm with . or Enter, or press ? or * to list all spells.
You call for your canine familiar and it appears with a howl!
The yak bellows!
The yak barely misses you. The yak gores you!
You die...

#.........................
##.#####............##.###
#.# #....##.##.#..... #.#
#........#.####.#. . #.#
###...[##.##.# #.#.#. #.#
#.#....##<##.. ..#.#. #.#
#.#....#####.# #..... #.#
#......# #.# #..... #.#
#.#..@8#####.# #..... #.#
#.#.YY.h.....# #..... #.#
#.#.#..##########.....
#.###.#.#..........#......
####.....................###.
#........................)..)
##..................§........
###.##:...#..#.###≈.§^......
#.##......Y.....##§≈.^.≈.≈


You could see 3 yaks, a friendly lightning spire (summoned) and a friendly
inugami (summoned).

Vanquished Creatures
  An orc warrior (D:7)
  A black bear (D:6)
  A hound (D:7)
  A ribbon worm (D:2)
  2 orcs (D:7)
  3 bats (D:3)
  2 endoplasms
  A giant cockroach (D:3)
  A hobgoblin (D:3)
  A jackal (D:3)
  2 quokkas
  A frilled lizard (D:3)
  2 kobolds
  2 rats
21 creatures vanquished.

Vanquished Creatures (collateral kills)
  A yak (D:7)
  A phantom (D:7)
  A kobold brigand (D:7)
  2 wights (D:7)
  2 hounds
  2 iguanas (D:6)
  2 adders (D:3)
  5 orcs
  An endoplasm (D:1)
  A giant cockroach (D:2)
  A goblin (D:3)
  3 kobolds (D:7)
  A ball python (D:1)
  A frilled lizard (D:1)
  A rat (D:1)
25 creatures vanquished.

Grand Total: 46 creatures vanquished

Notes
Turn   | Place    | Note
-------+----------+-------------------------------------------
     0 | D:1      | ChadusMaximus the Barachi Summoner began the quest for the
                  | Orb.
     0 | D:1      | Reached XP level 1. HP: 13/13 MP: 3/3
   326 | D:1      | Reached skill level 5 in Summonings
  1211 | D:1      | Reached XP level 2. HP: 19/19 MP: 5/5
  1865 | D:3      | Found Utamees's Book Shop.
  1910 | D:3      | Reached XP level 3. HP: 24/24 MP: 7/7
  1947 | D:3      | Learned a level 3 spell: Call Canine Familiar
  1950 | D:3      | Learned a level 2 spell: Call Imp
  2016 | D:3      | Found an iron altar of Okawaru.
  2023 | D:3      | Found a basalt altar of Yredelemnul.
  2024 | D:3      | Found a shimmering blue altar of Sif Muna.
  2077 | D:3      | Found a faded altar of an unknown god.
  2116 | D:3      | You fall into a shaft and drop 3 floors!
  2121 | D:6      | Noticed a black bear
  2151 | D:6      | Killed a black bear
  2152 | D:6      | Reached skill level 6 in Summonings
  2152 | D:6      | Reached XP level 4. HP: 30/30 MP: 3/9
  2152 | D:6      | Reached XP level 5. HP: 35/35 MP: 3/10
  2229 | D:6      | Reached skill level 7 in Summonings
  2406 | D:6      | Noticed a wraith
  2485 | D:7      | Noticed a phantom
  2518 | D:7      | Killed a phantom
  2519 | D:7      | Reached XP level 6. HP: 41/41 MP: 1/12
  2542 | D:7      | Noticed an orc warrior
  2559 | D:7      | Found a sparkling altar of Nemelex Xobeh.
  2925 | D:7      | Killed an orc warrior
  2926 | D:7      | Reached skill level 8 in Summonings
  3212 | D:7      | Reached XP level 7. HP: 46/46 MP: 7/13
  3262 | D:7      | Found a shadowy altar of Dithmenos.
  3448 | D:7      | Learned a level 4 spell: Summon Lightning Spire
  3539 | D:7      | Reached skill level 9 in Summonings
  3643 | D:7      | Found a stormy altar of Qazlal.
  3686 | D:7      | Reached skill level 5 in Spellcasting
  3754 | D:7      | Noticed a yak
  3754 | D:7      | Noticed a yak
  3755 | D:7      | Noticed a yak
  3757 | D:7      | Noticed a yak
  3758 | D:7      | Noticed a yak
  3771 | D:7      | Killed a yak
  3790 | D:7      | Mangled by a yak

Illustrated notes

Levels and vault maps discovered:
D:1:      dpeg_arrival_chambers_temple_mockup, layout_basic
D:2:      layout_basic, uniq_jessica
D:3:      layout_loops_ring, grunt_temple_overflow_open, serial_shops,
          nicolae_shop_rolling_square, ebering_ecumenical_altar_rust,
          kennysheep_another_room, st_stairs_7
D:6:      layout_rooms, minmay_manual_moon, uniq_edmund, uniq_crazy_yiuf_cottage
D:7:      layout_basic, grunt_temple_overflow_order_and_chaos_2,
          nicolae_dithmenos_shadow_blocks, mainiacjoe_overflow_brackets,
          grunt_qazlal_sundering, corexii_leaking_fountain

Skill      XL: |  1  2  3  4  5  6  7 |
---------------+----------------------+-----
Summonings     | 5 6 7 8 9 |  9.6
Spellcasting   | 3 4 5 |  5.3
Dodging        | |  2.1
Stealth        | |  1.7

Action                     |  1- 3 |  4- 6 |  7- 9 || total
---------------------------+-------+-------+-------++-------
  Melee: Unarmed           |     3 |       |       ||     3
   Fire: Sling             |    55 |    68 |    21 ||   144
   Cast: Summon Small Mamm |    17 |     9 |     6 ||    32
         Call Imp          |     1 |    10 |     5 ||    16
         Call Canine Famil |     1 |    10 |     4 ||    15
         Summon Lightning  |       |       |     5 ||     5
Ability: Hop               |     1 |     3 |     2 ||     6
    Use: Potion            |     1 |     2 |     1 ||     4
         Scroll            |       |     4 |       ||     4
 Armour: Robe              |    28 |    30 |    21 ||    79
  Dodge: Dodged            |    34 |    20 |    18 ||    72
